 Seeded DCSS version 0.32-a0-86-g8db1b9f803 (webtiles) character file.

Game seed: 69 (custom seed)

15 muata the Firebug (level 2, 24/24 HPs)
             Began as an Oni Fire Elementalist on Jan 17, 2024.
             Quit the game on level 1 of the Dungeon on Feb 6, 2024.
             The game lasted 00:04:48 (716 turns).

muata the Firebug (Oni Fire Elementalist)            Turns: 716, Time: 00:04:48

Health: 24/24      AC:  3    Str: 11    XL:     2   Next: 50%
Magic:  5/5        EV:  9    Int: 16    God:
Gold:   85         SH:  0    Dex:  9    Spells: 4/5 levels left

rFire   . . .        (no weapon)
rCold   . . .        (no shield)
rNeg    . . .        a - +0 robe
rPois   .            (helmet restricted)
rElec   .            (no cloak)
rCorr   .            (gloves unavailable)
SInv    .            (boots unavailable)
Will    .....        (no amulet)
Stlth   +            (no ring)
HPRegen 0.24/turn    (no ring)
MPRegen 0.09/turn

%: no passive effects
@: no status effects
A: large, unfitting armour, horns 1, tough skin 1, double potion healing,
drunken brawling
a: no special abilities


You were on level 1 of the Dungeon.
You visited 1 branch of the dungeon, and saw 1 of its levels.

You collected 85 gold pieces.

Inventory:

Armour
 a - a +0 robe (worn)
Jewellery
 f - an amulet of faith
Talismans
 d - a maw talisman
Potions
 b - a potion of magic
 c - a potion of might {unknown}
 e - a potion of attraction {unknown}


   Skills:
 - Level 1.7 Dodging
 - Level 1.4 Stealth
 - Level 2.4 Spellcasting
 + Level 1.6 Conjurations
 + Level 3.1 Fire Magic


You had 4 spell levels left.
You knew the following spells:

 Your Spells              Type           Power      Damage    Failure   Level
a - Foxfire               Conj/Fire      36%        2x1d5     8%          1

Your spell library contained the following spells:

 Spells                   Type           Power      Damage    Failure   Level
 Scorch                   Fire           22%        2d5       9%          2
 Inner Flame              Hex/Fire       6%         N/A       32%         3
 Volatile Blastmotes      Fire/Tloc      12%        2d11      32%         3
 Flame Wave               Conj/Fire      9%         2d6       58%         4


Dungeon Overview and Level Annotations

Branches:
Dungeon (1/15)

Altars:


Innate Abilities, Weirdness & Mutations

You are too large for most types of armour.
You have a pair of small horns on your head.
You have tough skin. (AC +1)
You gain doubled healing and magic from potions.
Whenever you drink a healing potion, you attack all around you.


Message History

You closely miss the giant cockroach.
Your headbutt misses the giant cockroach.
The giant cockroach is moderately wounded.
The giant cockroach barely misses you.
You hit the giant cockroach but do no damage.
The giant cockroach is moderately wounded.
The giant cockroach barely misses you. x2
Your magical contamination has completely faded away.
You hit the giant cockroach but do no damage.
Your headbutt misses the giant cockroach.
The giant cockroach is moderately wounded.
The giant cockroach bites you but does no damage.
You hit the giant cockroach.
The giant cockroach is heavily wounded.
The giant cockroach bites you but does no damage.
You closely miss the giant cockroach.
The giant cockroach is heavily wounded.
The giant cockroach bites you.
You closely miss the giant cockroach.
Your headbutt misses the giant cockroach.
The giant cockroach is heavily wounded.
The giant cockroach bites you but does no damage.
You barely miss the giant cockroach.
Your headbutt misses the giant cockroach.
The giant cockroach is heavily wounded.
The giant cockroach barely misses you.
The giant cockroach bites you but does no damage.
You hit the giant cockroach.
The giant cockroach is severely wounded.
The giant cockroach bites you.
You barely miss the giant cockroach.
The giant cockroach is severely wounded.
The giant cockroach closely misses you.
You hit the giant cockroach.
You kill the giant cockroach!
Found 4 boomerangs.
Welcome back, muata the Oni Fire Elementalist.
Game seed: 69 (custom seed) Press ? for a list of commands and other information.
Are you sure you want to abandon this character and quit the game? (Confirm with "yes".)

#.##.#....#...
#.(...#†##.#########
.....#.##.#########
.....#.#...........
... #.#.##########
... #.#)# # #.#
#.#.## #.# #..>.#
#@# ###..# #.# #..#
#.# #..###
#.#####)...#######
#........#........
####.......##.####
#.##.#.###.####
#.##...# #.....
#.###..# ######


There were no monsters in sight!

Vanquished Creatures
  An endoplasm (D:1)
  3 giant cockroaches (D:1)
  2 hobgoblins (D:1)
  A ball python (D:1)
  3 bats (D:1)
  2 goblins (D:1)
  A kobold (D:1)
  A rat (D:1)
14 creatures vanquished.

Vanquished Creatures (others)
  23 foxfires (D:1)
23 creatures vanquished.

Grand Total: 37 creatures vanquished

Notes
Turn   | Place    | Note
-------+----------+-------------------------------------------
     0 | D:1      | muata the Oni Fire Elementalist began the quest for the
                  | Orb.
     0 | D:1      | Reached XP level 1. HP: 16/16 MP: 3/3
    46 | D:1      | Reached skill level 1 in Conjurations
    73 | D:1      | Upgraded the game from 0.32-a0-20-ge526923d97 to
                  | 0.32-a0-33-g74fbe469d6
   221 | D:1      | Upgraded the game from 0.32-a0-33-g74fbe469d6 to
                  | 0.32-a0-42-ga30500b4d3
   261 | D:1      | Reached XP level 2. HP: 21/24 MP: 3/5
   266 | D:1      | Reached skill level 3 in Fire Magic
   716 | D:1      | Upgraded the game from 0.32-a0-42-ga30500b4d3 to
                  | 0.32-a0-86-g8db1b9f803
   716 | D:1      | Quit the game

Illustrated notes

Levels and vault maps discovered:
D:1:      shiori_arrival_maze, layout_loops_ring, patterned_corridor

Skill      XL: |  1  2 |
---------------+-------+-----
Conjurations   | 1 |  1.6
Fire Magic     | 3 |  3.1
Dodging        | |  1.7
Stealth        | |  1.4
Spellcasting   | |  2.4

Action                     || total
---------------------------++-------
  Melee: Unarmed           ||    19
         Headbutt          ||     1
   Cast: Foxfire           ||    17
 Armour: Robe              ||    17
  Dodge: Dodged            ||    10

Table legend: (Time is in decaauts)
 A = Elapsed time spent in this place.
 B = Non-inter-level travel time spent in this place.
 C = Inter-level travel time spent in this place.
 D = Time resting spent in this place.
 E = Time spent auto-exploring this place.
 F = Levels seen in this place.
 G = Mean time per level.
                   A        B        C        D        E       F      G
               +--------+--------+--------+--------+--------+-----+--------+
         Total |    716 |    716 |      0 |      0 |    548 |   1 |  716.0 |
       Dungeon |    716 |    716 |      0 |      0 |    548 |   1 |  716.0 |
               +--------+--------+--------+--------+--------+-----+--------+

Top non-repeatable levels by time:
     D:1: 716 daAuts
